 Dungeon Crawl Stone Soup version 0.24-a0-443-g80245de385 (webtiles) character file.

Game seed: 9794840900874827656

257 Krouwed the Sneak (level 5, 0/37 HPs)
             Began as a Vampire Enchanter on June 21, 2019.
             Slain by a worker ant (5 damage)
             ... on level 4 of the Dungeon.
             The game lasted 00:10:11 (2534 turns).

Krouwed the Sneak (Vampire Enchanter)               Turns: 2534, Time: 00:10:11

Health: 0/37       AC:  7    Str:  7    XL:     5   Next: 93%
Magic:  1/9        EV: 11    Int: 19    God:
Gold:   234        SH:  0    Dex: 16    Spells: 3/9 levels left

rFire    . . .     SeeInvis +   a - +1 dagger
rCold    . . .     Gourm    .   (no shield)
rNeg     . . .     Faith    .   j - +2 ring mail {MR+}
rPois    .         Spirit   .   (no helmet)
rElec    .         Reflect  .   (no cloak)
rCorr    .         Harm     .   (no gloves)
MR       +....                  (no boots)
Stlth    ++........             (no amulet)
HPRegen  0.32/turn              t - +2 ring of dexterity
MPRegen  0.11/turn              (no ring)

@: lethally poisoned (0 -> 0), very slightly contaminated, regenerating quickly
A: no food, fangs 3, see invisible, unbreathing
a: Exsanguinate


You were on level 4 of the Dungeon.
You were alive.

You visited 1 branch of the dungeon, and saw 4 of its levels.

You collected 234 gold pieces.

Inventory:

Hand Weapons
 a - a +1 dagger (weapon)
Missiles
 o - 17 poisoned darts (quivered)
Armour
 b - a +0 robe
 j - a +2 ring mail of magic resistance (worn)
Jewellery
 t - a +2 ring of dexterity (left hand)
Wands
 h - a wand of paralysis (12)
 q - a wand of random effects (8)
 v - a wand of scattershot (6)
Scrolls
 d - 2 scrolls of teleportation
 e - a scroll of immolation {unknown}
 k - a scroll of enchant weapon {unknown}
 m - 2 scrolls of enchant armour {unknown}
 n - a scroll of remove curse {unknown}
 s - a scroll of amnesia {unknown}
 u - a scroll of identify
Potions
 c - a potion of flight {unknown}
 f - a potion of might {unknown}
 g - a potion of lignification {unknown}
 i - a potion of haste {unknown}
 l - a potion of curing
 p - a potion of degeneration {unknown}
 r - a potion of heal wounds {unknown}


   Skills:
 + Level 1.6 Fighting
 + Level 2.5 Short Blades
 + Level 3.5 Dodging
 + Level 5.5 Stealth
 + Level 2.7 Spellcasting
 + Level 5.5 Hexes
 + Level 1.5 Ice Magic


You had 3 spell levels left.
You knew the following spells:

 Your Spells              Type           Power        Failure   Level  Hunger
a - Corona                Hex            ###....      5%          1    N/A
b - Ensorcelled Hibernat  Hex/Ice        ###...       19%         2    N/A
c - Confuse               Hex            ###.....     17%         3    N/A

Your spell library contained the following spells:

 Spells                   Type           Power        Failure   Level  Hunger
 Tukima's Dance           Hex            ###.....     17%         3    N/A
 Dazzling Spray           Conj/Hex       ##....       47%         3    N/A

Dungeon Overview and Level Annotations

Branches:
Dungeon (4/15)
 Temple: D:4-7

Altars:
Cheibriados
Okawaru
Xom


Innate Abilities, Weirdness & Mutations

You do not eat.
Your natural rate of healing is unusually fast.
You have razor-sharp teeth.
You have supernaturally acute eyesight. (SInv)
You can survive without breathing.


Message History

The worker ant is almost dead.
You feel sick.
The worker ant bites you but does no damage.
Casting: Confuse (safe; 17% risk of failure)
Confirm with . or Enter, or press ? or * to list all spells.
Aiming: Ensorcelled Hibernation (safe; 19% risk of failure)
Press: ? - help, Shift-Dir - straight line, f/p - worker ant
Aim: a worker ant (almost dead, chance to defeat MR: 55%)
You miscast Ensorcelled Hibernation.
You feel a bit tired.
You feel sick. The worker ant barely misses you.
You feel sick.
It was a potion of curing.
You feel better. The worker ant bites you.
* * * LOW HITPOINT WARNING * * *
You are poisoned.
The worker ant poisons you! The worker ant bites you.
* * * LOW HITPOINT WARNING * * *
You feel sick.
You feel sick. The worker ant bites you.
You die...

#...# #........#
##..# #.....##.#
##..## #.....##.#
#.h..# #.....##.#
...>.# #.....##.#
#.##.##### ########.#
#....h..[# #...#
#..##.##.########.###
......##†##....a@.#
########.>..#######
####.# ####.# #....#
######


You could see a worker ant.

Vanquished Creatures
  An ogre (D:4)
  Natasha (D:4)
  Terence (D:2)
  3 gnolls (D:3)
  4 adders (D:2)
  An ooze (D:2)
  2 dart slugs
  A leopard gecko (D:3)
  6 orcs (D:3)
  A ball python (D:3)
  2 giant cockroaches
  6 hobgoblins
  6 jackals
  5 kobolds
  A quokka (D:2)
  3 bats
  A frilled lizard (D:1)
  5 goblins
  8 rats
58 creatures vanquished.

Notes
Turn   | Place    | Note
-------+----------+-------------------------------------------
     0 | D:1      | Krouwed the Vampire Enchanter began the quest for the Orb.
     0 | D:1      | Reached XP level 1. HP: 13/13 MP: 3/3
    92 | D:1      | Reached XP level 2. HP: 18/19 MP: 5/5
   912 | D:2      | Found an iron altar of Okawaru.
   961 | D:2      | Reached XP level 3. HP: 19/24 MP: 6/6
   977 | D:2      | Learned a level 2 spell: Ensorcelled Hibernation
   981 | D:2      | Learned a level 3 spell: Confuse
  1013 | D:2      | Reached skill level 5 in Stealth
  1023 | D:2      | Found a shimmering altar of Xom.
  1147 | D:2      | Noticed Terence
  1161 | D:2      | Killed Terence
  1161 | D:2      | Reached skill level 1 in Fighting
  1161 | D:2      | Reached XP level 4. HP: 32/32 MP: 2/7
  1394 | D:2      | Reached skill level 5 in Hexes
  1730 | D:3      | Found a snail-covered altar of Cheibriados.
  1811 | D:3      | Reached skill level 1 in Ice Magic
  1960 | D:3      | Reached XP level 5. HP: 37/37 MP: 1/8
  1993 | D:3      | Found a faded altar of an unknown god.
  2488 | D:4      | Noticed an ogre
  2491 | D:4      | Noticed Natasha
  2510 | D:4      | Killed an ogre
  2515 | D:4      | Killed Natasha
  2534 | D:4      | Slain by a worker ant

Levels and vault maps discovered:
D:1:      minmay_arrival_four_circles, layout_basic
D:2:      layout_loops_ring, nicolae_overflow_crystal_walls,
          okawaru_metal_pillars_1_2, uniq_terence
D:3:      layout_basic, kennysheep_slug_shrine, chequers_ecumenical_altar_island
D:4:      layout_basic, first_ration, dk_noncrumbling_3, vehumet_altar_wand_db,
          uniq_natasha, uniq_ijyb, uniq_sigmund, uniq_robin

Skill      XL: |  1  2  3  4 |
---------------+-------------+-----
Stealth        | 5 |  5.5
Fighting       | 1 |  1.6
Short Blades   | 2 |  2.5
Dodging        | 3 |  3.5
Hexes          | 5 |  5.5
Ice Magic      | 1 |  1.5
Spellcasting   | |  2.7

Action                   |  1- 3 |  4- 6 || total
-------------------------+-------+-------++-------
Melee: Dagger            |    99 |    84 ||   183
       Bite              |    10 |    14 ||    24
Throw: Dart              |     6 |     2 ||     8
 Cast: Corona            |     1 |       ||     1
       Ensorcelled Hiber |     2 |    20 ||    22
       Confuse           |       |     1 ||     1
  Use: Scroll            |     1 |     4 ||     5
       Potion            |       |     1 ||     1
 Stab: Sleeping          |     8 |    15 ||    23
       Confused          |       |     1 ||     1
Armor: Robe              |    11 |     7 ||    18
       Ring mail         |       |     8 ||     8
Dodge: Dodged            |    64 |    50 ||   114

Table legend:
 A = Non-vault XP
 B = Vault XP
 C = Vault XP percentage of total XP
 D = Non-vault monster count
 E = Vault monster count
 F = Vault count percentage of total count
                 A         B        C        D         E       F
            +---------+---------+-------+---------+---------+-------
      Total |     307 |      61 |  16.6 |      55 |       3 |   5.2
            +---------+---------+-------+---------+---------+-------
        D:1 |      25 |       0 |   0.0 |      14 |       0 |   0.0
        D:2 |      82 |      32 |  28.1 |      19 |       1 |   5.0
        D:3 |      82 |       4 |   4.7 |      21 |       1 |   4.5
        D:4 |     118 |      25 |  17.5 |       1 |       1 |  50.0
            +---------+---------+-------+---------+---------+-------
